 Dungeon Sprint DCSS version 0.31-a0-879-g1609e0ac53 (webtiles) character file.

Game seed: 15560343211515903957

9636 rocky1 the Fencer (level 11, -25/84 HPs)
             Began as a Djinni Gladiator on Oct 15, 2023.
             Was an Initiate of Gozag.
             Killed from afar by Roxanne (48 damage)
             ... with a crystal spear
             ... in the Dungeon (Sprint II: "The Violet Keep of Menkaure").
             The game lasted 00:19:02 (2717 turns).

rocky1 the Fencer (Djinni Gladiator)                Turns: 2717, Time: 00:19:03

Health: -25/84     AC: 17    Str: 15    XL:     11   Next: 78%
Gold:   924        EV: 17    Int: 10    God:    Gozag SH:  0 Dex: 17

rFire   + + .        h - +4 great sword (elec)
rCold   . . .        (shield currently unavailable)
rNeg    . . .        m - +2 ring mail {rC+}
rPois   ∞            c - +0 helmet
rElec   .            b - +2 cloak of the Thief {*Fog Slay-2 SInv Stlth+}
rCorr   .            F - +0 pair of gloves
SInv    +            (boots unavailable)
Will    +....        t - amulet of regeneration
Stlth   +++          k - +4 ring of protection
HPRegen 1.14/turn    p - +4 ring of slaying
MPRegen 0.00/turn

%: no teleportation, infuse magic (-26 HP)
@: flying
A: sickness immunity, fire resistance 2, cold vulnerability 1, float, innate
caster, HP casting, extra vitality 1
a: Renounce Religion, Potion Petition, Call Merchant, Bribe Branch


You were in the Dungeon.
You worshipped Gozag.
Gozag was pleased with you.
You visited 1 branch You collected 5417 gold pieces.
You spent 4493 gold pieces at shops.

Inventory:

Hand Weapons
 h - a +4 great sword of electrocution (weapon)
Missiles
 d - 2 throwing nets (quivered)
 e - 5 javelins
Armour
 b - the +2 cloak of the Thief (worn) {*Fog Slay-2 SInv Stlth+}
   (You bought it in a shop in the Dungeon)

   *Fog:      It may release a thick cloud of smoke when the wearer is hurt.
   Slay-2:    It affects your accuracy & damage with ranged weapons and melee
   (-2).
   SInv:      It lets you see invisible.
   Stlth+:    It makes you more stealthy.
 c - a +0 helmet (worn)
 m - a +2 ring mail of cold resistance (worn)
 F - a +0 pair of gloves (worn)
Jewellery
 k - a +4 ring of protection (left hand)
 p - a +4 ring of slaying (right hand)
 t - an amulet of regeneration (around neck)
 D - an amulet of the acrobat
Scrolls
 j - a scroll of blinking
 l - 2 scrolls of enchant armour
 s - a scroll of amnesia
 u - a scroll of immolation
 x - a scroll of butterflies {unknown}
 C - 2 scrolls of identify
 E - 2 scrolls of silence
Potions
 a - 3 potions of mutation
 f - 6 potions of curing
 g - 5 potions of heal wounds
 i - 3 potions of invisibility
 n - 2 potions of lignification
 o - a potion of attraction
 q - 5 potions of enlightenment
 r - a potion of degeneration
 v - 3 potions of magic {unknown}
 w - 2 potions of brilliance
 z - 2 potions of might
 A - 3 potions of resistance {unknown}


   Skills:
 + Level 9.3 Fighting
 * Level 18.2 Long Blades
 - Level 10.8 Polearms
 - Level 4.3 Throwing
 - Level 3.8 Armour
 - Level 11.4 Dodging
 - Level 2.5 Stealth
 - Level 1.6 Spellcasting
 - Level 1.6 Conjurations
 - Level 1.6 Hexes
 - Level 1.6 Summonings
 - Level 1.6 Necromancy
 - Level 1.6 Translocations
 - Level 1.6 Transmutations
 - Level 1.6 Fire Magic
 - Level 1.6 Ice Magic
 - Level 1.6 Air Magic
 - Level 1.6 Earth Magic
 - Level 1.6 Poison Magic


You knew the following spells:

 Your Spells              Type           Power      Damage    Failure   Level
a - Necrotise             Necr           16%        1d4       30%         1
b - Ensorcelled Hibernat  Hex/Ice        8%         N/A       43%         2
c - Wereblood             Tmut           4%         N/A       43%         2
d - Anguish               Hex/Necr       2%         N/A       97%         4
e - Sticky Flame          Conj/Fire      4%         2d3       97%         4
Your spell library was empty.

Dungeon Overview and Level Annotations

Branches:
Dungeon (1/1)

Altars:
Cheibriados
Dithmenos
Elyvilon
Fedhas
Gozag
Hepliaklqana
Makhleb
Nemelex Xobeh
Okawaru
Qazlal
Ru
Trog
Uskayaw
Wu Jian
Xom
Yredelemnul
Zin
The Shining One
Jiyva
Lugonu

Shops:
D [:=!([?!:(:[=[

Annotations:
D exclusion: oklob plant, Roxanne


Innate Abilities, Weirdness & Mutations

You are immune to sickness and miasma.
You are immune to poison.
Your flesh is very heat resistant. (rF++)
You are vulnerable to cold. (rC-)
You float through the air rather than walking.
You learn spells naturally, not from books.
Your magical power is your life essence.
You have superior vitality. (+4 MHP)


Message History

Roxanne is severely damaged.
You slash Roxanne!
Roxanne is severely damaged.
Roxanne mumbles some strange words.
The iron shot misses you.
You hit Roxanne but do no damage.
Roxanne is severely damaged.
You hit Roxanne but do no damage.
Roxanne is severely damaged.
Roxanne casts a spell.
The iron shot misses you.
You hit Roxanne.
Roxanne is severely damaged.
You hit Roxanne but do no damage.
Roxanne is severely damaged.
Roxanne casts a spell.
The iron shot hits you!!!
Ouch! That really hurt!
With a swish of your cloak, you release a cloud of fog.
You hit Roxanne but do no damage.
Roxanne is severely damaged.
You slash Roxanne!
Roxanne is severely damaged.
Roxanne mumbles some strange words.
The bolt of magma hits you! You partially resist.
* * * LOW HITPOINT WARNING * * *
With a swish of your cloak, you release a cloud of fog.
You slash Roxanne!
Roxanne is severely damaged.
Roxanne mumbles some strange words.
You blink.
You slash Roxanne!
Roxanne is almost destroyed.
You slash Roxanne!
Roxanne is almost destroyed.
Roxanne mumbles some strange words.
The crystal spear hits you!!!
Ouch! That really hurt!
You die...
Your body crumbles into a pile of gold.

!.h#G. ##~~~#..#..#~~~~~~~..~#..
∩P?+G.#+ #'#~##...##~~~§~~§§.~#_.
$$.#[##≈##(#~~##'##~~~≈≈≈~§~~~#._
[.$###≈§≈####~~~~~~~~~§≈§§§~~~#_.
#+###≈§≈≈ #+++#§''#§§§§≈≈≈≈~#._
##~~§§§§§##≈§§###≈≈#_.
##.§§§§§§§§##≈≈#:#≈≈#._
+~~§§§8§§~§.+§≈#§#≈≈#..
##§§§§@§§§§##≈≈≈§≈≈≈###
##.§§§§§§###########~~
####+####≈≈≈≈≈§≈###~#
#§≈°≈≈§≈≈§##~# +§§≈°≈≈§§°≈≈+~#
##§≈°°≈≈≈≈≈#### ##≈°≈§§§≈##
######### +3


You could see Roxanne.

Vanquished Creatures
  A deep elf master archer (D)
  A kraken (D)
  A crystal guardian (D)
  A fire dragon (D)
  A death yak (D)
  2 death drakes (D)
  A merfolk siren (D)
  A yaktaur (D)
  2 polar bears (D)
  12 flying skulls (D)
  5 wyverns (D)
  A vampire mosquito (D)
  Menkaure (D)
  5 water moccasins (D)
  A swamp drake (D)
  4 necrophages (D)
  4 lava snakes (D)
  3 worms (D)
  4 tentacles (D)
51 creatures vanquished.

Vanquished Creatures (others)
  A polar bear (D)
  A hornet (D)
  A swamp drake (D)
  3 tentacles (D)
6 creatures vanquished.

Grand Total: 57 creatures vanquished

Notes
Turn   | Place    | Note
-------+----------+-------------------------------------------
     0 | D        | rocky1 the Djinni Gladiator began the quest for the Orb.
     0 | D        | Reached XP level 1. HP: 18/18 MP: 0/0
     1 | D        | Noticed a wyvern
     1 | D        | Noticed a wyvern
     5 | D        | Noticed a merfolk siren
    19 | D        | Killed a merfolk siren
    20 | D        | Reached skill level 1 in Stealth
    20 | D        | Reached XP level 2. HP: 27/27 MP: 0/0
    20 | D        | Reached XP level 3. HP: 31/31 MP: 0/0
    20 | D        | Learned a level 1 spell: Necrotise
    20 | D        | Reached XP level 4. HP: 38/38 MP: 0/0
    20 | D        | Reached XP level 5. HP: 42/42 MP: 0/0
    20 | D        | Learned a level 2 spell: Ensorcelled Hibernation
    20 | D        | Reached XP level 6. HP: 48/48 MP: 0/0
    35 | D        | Reached XP level 7. HP: 50/53 MP: 0/0
    35 | D        | Learned a level 2 spell: Wereblood
    63 | D        | Reached skill level 5 in Fighting
    63 | D        | Reached skill level 10 in Dodging
    64 | D        | Noticed Menkaure
    65 | D        | Noticed Roxanne
    70 | D        | Killed Menkaure
    85 | D        | Found an ornate altar of the Wu Jian Council.
    85 | D        | Found a stormy altar of Qazlal.
    85 | D        | Found a glowing golden altar of the Shining One.
    86 | D        | Found a sacrificial altar of Ru.
    86 | D        | Found a shimmering altar of Xom.
    86 | D        | Found a hazy altar of Hepliaklqana.
    87 | D        | Found a viscous altar of Jiyva.
    87 | D        | Found a basalt altar of Yredelemnul.
    88 | D        | Found a bloodstained altar of Trog.
    88 | D        | Found a snail-covered altar of Cheibriados.
    88 | D        | Found a glowing silver altar of Zin.
    89 | D        | Found a corrupted altar of Lugonu.
    89 | D        | Found a shadowy altar of Dithmenos.
    89 | D        | Found a hide-covered altar of Uskayaw.
    89 | D        | Noticed a water moccasin
    90 | D        | Found a white marble altar of Elyvilon.
    90 | D        | Found a burning altar of Makhleb.
   109 | D        | Killed a water moccasin
   110 | D        | Reached skill level 1 in Armour
   110 | D        | Reached XP level 8. HP: 21/60 MP: 0/0
   110 | D        | Found a sparkling altar of Nemelex Xobeh.
   110 | D        | Found a blossoming altar of Fedhas.
   111 | D        | Found an iron altar of Okawaru.
   111 | D        | Found an opulent altar of Gozag.
   125 | D        | Noticed a flying skull
   125 | D        | Noticed a flying skull
   126 | D        | Became a worshipper of Gozag Ym Sagoz the Greedy
   132 | D        | Noticed a yaktaur
   132 | D        | Noticed a hornet
   132 | D        | Noticed a polar bear
   288 | D        | Noticed a flying skull
   288 | D        | Noticed a flying skull
   288 | D        | Noticed a flying skull
   288 | D        | Noticed a flying skull
   288 | D        | Noticed a flying skull
   288 | D        | Noticed a flying skull
   288 | D        | Noticed a flying skull
   288 | D        | Noticed a flying skull
   288 | D        | Noticed a flying skull
   289 | D        | Noticed a flying skull
   291 | D        | Noticed a flying skull
   292 | D        | Noticed a flying skull
   304 | D        | Reached skill level 10 in Polearms
   359 | D        | Killed a wyvern
   365 | D        | Killed a wyvern
   366 | D        | Reached skill level 1 in Spellcasting
   366 | D        | Reached skill level 1 in Conjurations
   366 | D        | Reached skill level 1 in Hexes
   366 | D        | Reached skill level 1 in Summonings
   366 | D        | Reached skill level 1 in Necromancy
   366 | D        | Reached skill level 1 in Translocations
   366 | D        | Reached skill level 1 in Transmutations
   366 | D        | Reached skill level 1 in Fire Magic
   366 | D        | Reached skill level 1 in Ice Magic
   366 | D        | Reached skill level 1 in Air Magic
   366 | D        | Reached skill level 1 in Earth Magic
   366 | D        | Reached skill level 1 in Poison Magic
   484 | D        | Found Rafrem Vegy's Antique Armour Emporium.
   484 | D        | Found Riguxipit's Antique Armour Emporium.
   484 | D        | Found Ilonnay's Book Shoppe.
   484 | D        | Found Bames's Jewellery Shoppe.
   484 | D        | Found Arilyss's Antique Weapon Emporium.
   485 | D        | Found Noutifuy's Distillery.
   485 | D        | Found Vigujumu's Distillery.
   486 | D        | Found Cymozopi's Magic Scroll Emporium.
   486 | D        | Found Royckyn's Antique Armour Shoppe.
   486 | D        | Found Qiosu's Antique Weapon Shoppe.
   486 | D        | Noticed a hell hog
   487 | D        | Found Xuggaem's Book Emporium.
   487 | D        | Noticed a hell hog
   510 | D        | Found Xuwak's Distillery.
   510 | D        | Found Ineih's Jewellery Emporium.
   510 | D        | Noticed an oklob plant
   511 | D        | Found Rufyir Goan's Armour Shoppe.
   511 | D        | Found Rujearoc's Book Shoppe.
   525 | D        | Bought a runed great sword for 180 gold pieces
   528 | D        | Noticed a shining eye
   529 | D        | Noticed a shining eye
   540 | D        | Noticed a shining eye
   560 | D        | Bought a runed scale mail for 168 gold pieces
   572 | D        | Bought a +4 ring of protection for 432 gold pieces
   572 | D        | Bought a +5 ring of evasion for 432 gold pieces
   622 | D        | Noticed a death drake
   623 | D        | Noticed a polar bear
   634 | D        | Killed a polar bear
   635 | D        | Reached skill level 2 in Long Blades
   635 | D        | Reached XP level 9. HP: 63/67 MP: 0/0
   635 | D        | Learned a level 4 spell: Anguish
   635 | D        | Killed a hornet
   654 | D        | Killed a death drake
   655 | D        | Reached skill level 5 in Long Blades
   658 | D        | Killed a polar bear
   659 | D        | Reached skill level 6 in Long Blades
   662 | D        | Killed a yaktaur
   663 | D        | Reached skill level 7 in Long Blades
   670 | D        | Noticed a polar bear
   681 | D        | Killed a polar bear
   682 | D        | Reached skill level 8 in Long Blades
   862 | D        | Noticed a kraken
   870 | D        | Reached skill level 9 in Long Blades
   883 | D        | Reached skill level 10 in Long Blades
   913 | D        | Noticed a sixfirhy
  1105 | D        | Noticed a death drake
  1120 | D        | Reached XP level 10. HP: 73/73 MP: 0/0
  1186 | D        | Reached skill level 11 in Long Blades
  1205 | D        | Reached skill level 12 in Long Blades
  1217 | D        | Reached skill level 13 in Long Blades
  1236 | D        | Reached skill level 14 in Long Blades
  1387 | D        | Bought a +2 ring mail of cold resistance for 252 gold
                  | pieces
  1402 | D        | Bought a potion of heal wounds for 60 gold pieces
  1402 | D        | Bought a potion of curing for 36 gold pieces
  1402 | D        | Bought a potion of curing for 36 gold pieces
  1402 | D        | Bought a potion of mutation for 96 gold pieces
  1408 | D        | Bought the +2 cloak of the Thief {*Fog Slay-2 SInv Stlth+}
                  | for 482 gold pieces
  1408 | D        | Found the +2 cloak of the Thief {*Fog Slay-2 SInv Stlth+}
  1410 | D        | Bought a potion of heal wounds for 55 gold pieces
  1410 | D        | Bought a potion of mutation for 88 gold pieces
  1410 | D        | Bought a potion of invisibility for 88 gold pieces
  1410 | D        | Bought a potion of invisibility for 88 gold pieces
  1410 | D        | Bought a potion of curing for 33 gold pieces
  1410 | D        | Bought a potion of lignification for 33 gold pieces
  1410 | D        | Bought a potion of attraction for 33 gold pieces
  1414 | D        | Bought a +4 ring of slaying for 936 gold pieces
  1575 | D        | Noticed a crystal guardian
  1592 | D        | Killed a crystal guardian
  1593 | D        | Reached skill level 15 in Long Blades
  1601 | D        | Killed a death drake
  1602 | D        | Reached XP level 11. HP: 40/78 MP: 0/0
  1602 | D        | Learned a level 4 spell: Sticky Flame
  1617 | D        | Noticed a fire dragon
  1630 | D        | Killed a fire dragon
  1631 | D        | Reached skill level 16 in Long Blades
  1843 | D        | Noticed a death yak
  1849 | D        | Killed a death yak
  1860 | D        | Noticed a deep elf master archer
  1996 | D        | Reached skill level 17 in Long Blades
  2018 | D        | Killed a deep elf master archer
  2390 | D        | Killed a kraken
  2391 | D        | Reached skill level 18 in Long Blades
  2597 | D        | Bought a potion of curing for 36 gold pieces
  2597 | D        | Bought a potion of heal wounds for 60 gold pieces
  2597 | D        | Bought a potion of heal wounds for 60 gold pieces
  2597 | D        | Bought a potion of invisibility for 96 gold pieces
  2597 | D        | Bought a potion of degeneration for 12 gold pieces
  2597 | D        | Bought a potion of might for 48 gold pieces
  2597 | D        | Bought a potion of brilliance for 48 gold pieces
  2601 | D        | Bought an amulet of regeneration for 300 gold pieces
  2650 | D        | Bought a scroll of enchant armour for 75 gold pieces
  2650 | D        | Bought a scroll of enchant armour for 75 gold pieces
  2650 | D        | Bought a scroll of immolation for 40 gold pieces
  2650 | D        | Bought a scroll of identify for 20 gold pieces
  2650 | D        | Bought a scroll of silence for 95 gold pieces
  2717 | D        | Killed from afar by Roxanne

Illustrated notes

Levels and vault maps discovered:
D:        the_violet_keep_of_menkaure [sprint2_stairs_cluster_1,
          sprint2_shoproom, sprint2_temple, sprint2_basic_supplies,
          sprint2_obstacle_6, sprint2_obstacle_5, sprint2_obstacle_1,
          sprint2_obstacle_7, sprint2_obstacle_2, sprint2_timed_cluster_1,
          sprint2_smallroom_cluster_1, sprint2_smallroom_final_cluster_1,
          sprint2_transparent_cluster_1, sprint2_second_timed_cluster_1,
          sprint2_sniper_area_1, sprint2_heavy_combat_area_1,
          sprint2_mutation_trap_area_1, sprint2_forest_area_1,
          sprint2_light_combat_area_1, sprint2_behind_water_1,
          sprint2_near_end_vault_1]

Skill      XL: |  1  2  3  4  5  6  7  8  9 10 11 |
---------------+----------------------------------+-----
Fighting       | 4 5 6 9 |  9.3
Polearms       | 7 8 9 10 | 10.8
Throwing       | 3 4 |  4.3
Dodging        | 8 9 10 11 | 11.4
Stealth        | 1 2 |  2.5
Armour         | 1 3 |  3.8
Spellcasting   | 1 |  1.6
Conjurations   | 1 |  1.6
Hexes          | 1 |  1.6
Summonings     | 1 |  1.6
Necromancy     | 1 |  1.6
Translocations | 1 |  1.6
Transmutations | 1 |  1.6
Fire Magic     | 1 |  1.6
Ice Magic      | 1 |  1.6
Air Magic      | 1 |  1.6
Earth Magic    | 1 |  1.6
Poison Magic   | 1 |  1.6
Long Blades    | 2 10 15 18 | 18.2

Action                     |  1- 3 |  4- 6 |  7- 9 | 10-12 || total
---------------------------+-------+-------+-------+-------++-------
  Melee: Trident           |    10 |     6 |   102 |       ||   118
         Great sword       |       |       |    74 |   163 ||   237
         Punch             |       |       |     2 |       ||     2
  Throw: Throwing net      |     2 |       |       |     2 ||     4
    Use: Potion            |     1 |       |     1 |     1 ||     3
         Scroll            |       |       |       |     5 ||     5
   Stab: Held in net/web   |     2 |       |       |       ||     2
         Paralysed         |       |       |     1 |       ||     1
         Sleeping          |       |       |     1 |       ||     1
         Distracted        |       |       |       |     2 ||     2
 Armour: Leather armour    |       |     1 |    25 |       ||    26
         Scale mail        |       |       |    71 |    33 ||   104
         Ring mail         |       |       |       |    51 ||    51
  Dodge: Dodged            |       |     1 |   153 |   100 ||   254

Table legend: (Time is in decaauts)
 A = Elapsed time spent in this place.
 B = Non-inter-level travel time spent in this place.
 C = Inter-level travel time spent in this place.
 D = Time resting spent in this place.
 E = Time spent auto-exploring this place.
 F = Levels seen in this place.
 G = Mean time per level.
                   A        B        C        D        E       F      G
               +--------+--------+--------+--------+--------+-----+--------+
         Total |   2708 |   2708 |      0 |   1370 |      0 |   1 | 2708.0 |
       Dungeon |   2708 |   2708 |      0 |   1370 |      0 |   1 | 2708.0 |
               +--------+--------+--------+--------+--------+-----+--------+

Top non-repeatable levels by time:
       D: 2708 daAuts
